 Dungeon Crawl Stone Soup version 0.31-a0-705-ga145531891 (webtiles) character file.

Game seed: 17759767035811046861

33 qw the Shooter (level 3, -3/22 HPs)
             Began as a Gargoyle Hunter on Sept 9, 2023.
             Slain by Sigmund
             ... wielding a +1 heavy scythe
              (5 damage)
             ... on level 2 of the Dungeon.
             The game lasted 00:00:25 (998 turns).

qw the Shooter (Gargoyle Hunter)                     Turns: 998, Time: 00:00:25

Health: -3/22      AC:  7    Str: 14    XL:     3   Next: 29%
Magic:  3/3        EV: 12    Int:  9    God:
Gold:   15         SH:  0    Dex: 15    Spells: 2/2 levels left

rFire   . . .        Y - +0 shortbow
rCold   . . .        (shield currently unavailable)
rNeg    + . .        e - +2 robe {Will+}
rPois   inf          (no helmet)
rElec   +            (no cloak)
rCorr   .            (no gloves)
SInv    .            (no boots)
Will    +....        (no amulet)
Stlth   ++           (no ring)
HPRegen 0.23/turn    (no ring)
MPRegen 0.08/turn

%: no passive effects
@: no status effects
A: sickness immunity, AC +3, negative energy resistance 1, electricity
resistance, torment resistance 1, petrification resistance
a: no special abilities


You were on level 2 of the Dungeon.
You visited 1 branch of the dungeon, and saw 2 of its levels.

You collected 81 gold pieces.
You spent 66 gold pieces at shops.


Innate Abilities, Weirdness & Mutations

You are immune to sickness and miasma.
Your stone body is resilient. (AC +3)
You are immune to poison.
You resist negative energy. (rN+)
You are resistant to electric shocks. (rElec)
You are resistant to unholy torment.
You are immune to petrification.


   Skills:
 + Level 2.4 Fighting
 - Level 5.0 Ranged Weapons
 - Level 1.5 Dodging
 - Level 1.1 Stealth


You had 2 spell levels left.
You didn't know any spells.
Your spell library was empty.

Inventory:

Hand Weapons
 Y - a +0 shortbow (weapon)
Armour
 e - a +2 robe of willpower (worn)
Scrolls
 a - a scroll of identify
 b - a scroll of teleportation {unknown}
Potions
 f - a potion of haste {unknown}
 g - a potion of mutation {unknown}
 h - a potion of might {unknown}
 k - a potion of curing {unknown}
 l - a potion of lignification {unknown}

Dungeon Overview and Level Annotations

Branches:
Dungeon (2/15)

Altars:

Shops:
D:1 *

Annotations:
D:2 Sigmund


Message History

You shoot an arrow.
The arrow hits the dart slug but does no damage.
The dart slug is moderately wounded.
You shoot an arrow. The arrow hits the dart slug.
The dart slug is almost dead.
You shoot an arrow. The arrow hits the dart slug.
You kill the dart slug!
You now have 15 gold pieces (gained 5).
There is an open door here.
Found an escape hatch in the ceiling.
There is an escape hatch in the ceiling here.
There is an escape hatch in the ceiling here.
Sigmund the Dreaded comes into view.
He is wielding a +1 heavy scythe.
Sigmund shouts!
You shoot an arrow. The arrow barely misses Sigmund.
Sigmund hits you from afar with a +1 heavy scythe.
You shoot an arrow. The arrow completely misses Sigmund.
You shoot an arrow. The arrow hits Sigmund.
Sigmund is lightly wounded.
Sigmund casts a spell.
Sigmund flickers and vanishes!
Deactivating autopickup; reactivate with Ctrl-A.
You shoot an arrow. Something hits you!
You shoot an arrow. You shoot an arrow. Something hits you.
You shoot an arrow. You shoot an arrow. Something hits you.
You shoot an arrow. You shoot an arrow. Something hits you.
You shoot an arrow. You shoot an arrow.
A magic dart appears from out of thin air!
The magic dart hits you.
You shoot an arrow. Something hits you.
You die...

##.# #.## ...# #.<# ...
#### ##.# #.# #.# #.#
#.# #[## # #####.## ...
.# # #......# #.# .##
####...#..######.#{..###
'...............@.......
####...#..######.#...###
# #......# #.# .##
#..###.# #.# # #..# #.#
#.# #... ..# #.#
##.##### #.. .# ##.


There were no monsters in sight!

Vanquished Creatures
  A dart slug (D:2)
  3 endoplasms (D:1)
  2 giant cockroaches (D:1)
  7 goblins (D:1)
  3 hobgoblins
  2 kobolds (D:1)
  5 ball pythons (D:1)
  3 bats
  A frilled lizard (D:1)
  2 rats (D:1)
29 creatures vanquished.

Notes
Turn   | Place    | Note
-------+----------+-------------------------------------------
     0 | D:1      | qw the Gargoyle Hunter began the quest for the Orb.
     0 | D:1      | Reached XP level 1. HP: 12/12 MP: 1/1
     0 | D:1      | 0 ||| qw: Version: 0.3-a-80-g6052c40
     0 | D:1      | 0 ||| qw: Game counter: 1327
     0 | D:1      | 0 ||| qw: Melee chars always use a shield: true
     0 | D:1      | 0 ||| qw: God list: Okawaru
     0 | D:1      | 0 ||| qw: Allow faded altars: false
     0 | D:1      | 0 ||| qw: Do Orc after clearing Dungeon:15 true
     0 | D:1      | 0 ||| qw: Do second Lair branch before Depths: true
     0 | D:1      | 0 ||| qw: Lair rune preference: random
     0 | D:1      | 0 ||| qw: Goals: Normal
     0 | D:1      | 0 ||| PLANNING D:1-11
    65 | D:1      | HP: 3/12 [goblin/+0 club (3)]
    65 | D:1      | HP: 1/12 [bat (1)]
    76 | D:1      | HP: 2/12 [goblin/+0 club (2)]
   129 | D:1      | Reached XP level 2. HP: 17/17 MP: 2/2
   622 | D:1      | Reached XP level 3. HP: 21/21 MP: 3/3
   669 | D:1      | Reached skill level 5 in Ranged Weapons
   724 | D:1      | Found Abepsucu's Assorted Antiques.
   731 | D:1      | 731 ||| SHOPLISTING glass wand (92 gold, have 76).
   731 | D:1      | 731 ||| SHOPLISTING pair of gloves (103 gold, have 76).
   731 | D:1      | 731 ||| BUYING sapphire potion (20 gold).
   731 | D:1      | Bought a sapphire potion for 20 gold pieces
   731 | D:1      | 731 ||| BUYING scroll labelled DOIJUTH AVIBUGG (23 gold).
   731 | D:1      | Bought a scroll labelled DOIJUTH AVIBUGG for 23 gold pieces
   731 | D:1      | 731 ||| BUYING scroll labelled HOYGEUXOPA (23 gold).
   731 | D:1      | Bought a scroll labelled HOYGEUXOPA for 23 gold pieces
   731 | D:1      | 731 ||| SHOPLISTING scroll labelled INIALAL MELUG (23 gold,
                  | have 10).
   731 | D:1      | 731 ||| SHOPLISTING scroll labelled ITADWA HIMEDONARR (23
                  | gold, have 10).
   822 | D:1      | 822 ||| UPGRADING to +2 robe of willpower.
   832 | D:1      | 832 ||| DROPPING +0 leather armour.
   833 | D:1      | 833 ||| DROPPING ring of wizardry.
   834 | D:1      | 834 ||| READING 2 scrolls labelled INIALAL MELUG.
   835 | D:1      | 835 ||| READING scroll labelled VAENKE GIABB.
   836 | D:1      | 836 ||| READING scroll labelled DOIJUTH AVIBUGG.
   837 | D:1      | 837 ||| READING scroll labelled HOYGEUXOPA.
   838 | D:1      | 838 ||| DROPPING scroll of butterflies.
   985 | D:2      | Noticed Sigmund
   995 | D:2      | HP: 3/22 [something (3)]
   998 | D:2      | Slain by Sigmund

Levels and vault maps discovered:
D:1:      amcnicky_arrival_flooded_fountain, layout_loops_cross, serial_shops,
          shop
D:2:      layout_loops_corners, hellmonk_ecumenical_altar_arch_garden,
          uniq_sigmund

Skill      XL: |  1  2  3 |
---------------+----------+-----
Ranged Weapons | 5 |  5.0
Fighting       | |  2.4
Dodging        | |  1.5
Stealth        | |  1.1

Action                     || total
---------------------------++-------
   Fire: Shortbow          ||   111
    Use: Scroll            ||     4
 Armour: Leather armour    ||    38
         Robe              ||     9
  Dodge: Dodged            ||    49

Table legend:
 A = Non-vault XP
 B = Vault XP
 C = Vault XP percentage of total XP
 D = Non-vault monster count
 E = Vault monster count
 F = Vault count percentage of total count
                 A         B        C        D         E       F
            +---------+---------+-------+---------+---------+-------
      Total |      48 |       0 |   0.0 |      29 |       0 |   0.0
            +---------+---------+-------+---------+---------+-------
        D:1 |      41 |       0 |   0.0 |      26 |       0 |   0.0
        D:2 |       7 |       0 |   0.0 |       3 |       0 |   0.0
            +---------+---------+-------+---------+---------+-------
